 Dungeon Crawl Stone Soup version 0.19.1 (webtiles) character file.

46 Kailar the Sneak (level 3, 17/18 HPs)
             Began as a Spriggan Assassin on Nov 28, 2016.
             Quit the game on level 3 of the Dungeon.
             The game lasted 00:15:19 (1848 turns).

Kailar the Sneak (Spriggan Assassin)                Turns: 1848, Time: 00:15:20

Health: 17/18      AC:  9    Str:  6 (8)  XL:     3   Next: 46%
Magic:  4/4        EV: 11    Int: 11 (12) God:
Gold:   100        SH:  0    Dex: 16 (17) Spells: 0 memorised, 2 levels left

rFire  + + .     SeeInvis +     a - +3 dagger
rCold  . . .     Gourm    .     x - +0 fire dragon scales
rNeg   . . .     Faith    .     (shield restricted)
rPois  .         Spirit   .     (helmet restricted)
rElec  .         Reflect  .     d - +0 cloak
rCorr  .         Harm     .     (gloves unavailable)
MR     .....                    (boots unavailable)
Stlth  ++........               (no amulet)
                                (no ring)
                                s - +1 ring of evasion

@: very quick
A: unfitting armour, see invisible, cold resistance 1, herbivore 3, speed 3,
slow metabolism 2
a: no special abilities


You were on level 3 of the Dungeon.
You were not hungry.

You visited 1 branch of the dungeon, and saw 3 of its levels.

You collected 100 gold pieces.

Inventory:

Hand Weapons
 a - a +3 dagger (weapon)
 b - a +0 blowgun
 i - a +0 short sword
Missiles
 e - 8 poisoned needles
 f - 2 curare-tipped needles
 k - 23 bolts
 o - 21 stones
 p - 5 tomahawks (quivered)
Armour
 c - a +0 robe
 d - a +0 cloak (worn)
 h - a +0 cloak
 m - a +0 ring mail
 n - a +0 leather armour
 q - a +0 leather armour
 u - a +0 helmet
 x - +0 fire dragon scales (worn)
Jewellery
 s - a +1 ring of evasion (left hand)
Scrolls
 j - 3 scrolls of recharging
 t - a scroll of immolation
 w - a scroll of identify
Potions
 v - a potion of magic
Comestibles
 g - 2 bread rations
 l - a beef jerky
 r - 3 fruits


   Skills:
 + Level 2.0 Fighting
 + Level 2.4 Short Blades
 + Level 2.2 Throwing
 + Level 1.9 Dodging
 + Level 7.1 Stealth


You had 2 spell levels left.
You didn't know any spells.

Dungeon Overview and Level Annotations

Branches:
Dungeon (3/15)

Altars:
Nemelex Xobeh


Innate Abilities, Weirdness & Mutations

You are very small and have problems with some larger weapons.
You are too small for most types of armour.
You have supernaturally acute eyesight. (SInv)
You are a herbivore.
You cover ground extremely quickly.
You need consume almost no food.
Your flesh is cold resistant. (rC+)


Message History

There is a sparkling altar of Nemelex Xobeh here.
You see here a club.
There is a sparkling altar of Nemelex Xobeh here.
You see here a club.
You kneel at the altar of Nemelex Xobeh.
There is a fountain of sparkling water here.
Found a leather armour.
You see here a leather armour.
You see here a leather armour.
Things that are here:
a club; a hobgoblin corpse
There is a stone staircase leading down here.
You climb downwards.
You hear the sound of rushing water.
There is an entrance to a sewer on this level.
Hurry and find it before the portal rusts away!
Found a bread ration and a potion of brilliance.
There is a stone staircase leading up here.
Quiver which item? (- for none, * to show all) (? for menu, Esc to quit)
Okay, then.
Are you sure you want to abandon this character and quit the game? (Confirm with "yes".)

.# #.## #...##
#.....#
##....%.. #
#........
#...###........
.......@.......
...............
......#.##..##.
#.......# ##
#.... ..#
#.......# #!..
...# ##.....##


There were no monsters in sight!

Vanquished Creatures
  An ooze (D:1)
  2 dart slugs (D:1)
  A leopard gecko (D:2)
  3 bats (D:2)
  A giant cockroach (D:1)
  2 goblins
  5 hobgoblins
  6 jackals (D:1)
  4 frilled lizards (D:1)
  6 kobolds
  A rat (D:1)
32 creatures vanquished.

Notes
Turn   | Place    | Note
-------+----------+-------------------------------------------
     0 | D:1      | Kailar the Spriggan Assassin began the quest for the Orb.
     0 | D:1      | Reached XP level 1. HP: 10/10 MP: 2/2
    66 | D:1      | Reached skill level 6 in Stealth
   186 | D:1      | Reached XP level 2. HP: 15/15 MP: 3/3
   805 | D:1      | Gained mutation: Your flesh is cold resistant. (rC+) [potion of beneficial mutation]
   818 | D:1      | Reached skill level 7 in Stealth
   818 | D:1      | Reached XP level 3. HP: 11/18 MP: 4/4
  1692 | D:2      | Found a sparkling altar of Nemelex Xobeh.
  1848 | D:3      | Quit the game

Skill      XL: |  1  2  3 |
---------------+----------+-----
Stealth        | 6 7 |  7.1
Fighting       | 2 |  2.0
Short Blades   | |  2.4
Throwing       | |  2.2
Dodging        | |  1.9

Action                   || total
-------------------------++-------
Melee: Dagger            ||   123
Throw: Tomahawk          ||     6
       Stone             ||     1
  Use: Potion            ||     9
       Scroll            ||    11
 Stab: Sleeping          ||     4
Armor: Robe              ||    18
       Fire dragon scale ||     2
Dodge: Dodged            ||   129
